 Dungeon Crawl Stone Soup version 0.30-b1-5-g8e6c1be481 (webtiles) character file.

Game seed: 1704952924586129716

117 Jase the Covered (level 4, -7/41 HPs)
             Began as a Minotaur Fighter on May 3, 2023.
             Was a Believer of Jiyva.
             Mangled by an orc warrior
             ... wielding a +0 dire flail
              (14 damage)
             ... on level 3 of the Dungeon.
             The game lasted 00:03:13 (1628 turns).

Jase the Covered (Minotaur Fighter)                 Turns: 1628, Time: 00:03:14

Health: -7/41      AC:  8    Str: 23    XL:     4   Next: 71%
Magic:  3/3        EV:  9    Int:  5    God:    Jiyva [**....]
Gold:   134        SH:  0    Dex:  9    Spells: 3/3 levels left

rFire   . . .        a - +8 trident of the Octopus King {venom, rElec rPois}
rCold   . . .        (no shield)
rNeg    . . .        b - +0 scale mail
rPois   +            (helmet restricted)
rElec   +            j - +0 cloak
rCorr   +            (no gloves)
SInv    .            (no boots)
Will    .....        (no amulet) Stlth
                     (no ring)
HPRegen 1.22/turn    (no ring)
MPRegen 0.38/turn

%: no passive effects
@: hasted, very quick
A: horns 2, retaliatory headbutt
a: Renounce Religion


You were on level 3 of the Dungeon.
You worshipped Jiyva.
Jiyva was pleased with you.
You visited 1 branch of the dungeon, and saw 3 of its levels.

You collected 134 gold pieces.

Inventory:

Hand Weapons
 a - the +8 trident of the Octopus King (weapon) {venom, rElec rPois}
   (You found it on level 2 of the Dungeon)

   rElec:     It insulates you from electricity.
   rPois:     It protects you from poison.
Armour
 b - a +0 scale mail (worn)
 j - a +0 cloak (worn)
Scrolls
 c - a scroll of torment {unknown}
 e - 2 scrolls of noise {unknown}
 f - a scroll of amnesia {unknown}
 g - a scroll of fear {unknown}
 n - a scroll of blinking {unknown}
 o - a scroll of teleportation {unknown}
 p - a scroll of summoning {unknown}
Potions
 d - a potion of might
 h - a potion of mutation {unknown}
 k - a potion of heal wounds {unknown}
 l - a potion of invisibility {unknown}
 m - 2 potions of ambrosia {unknown}
 q - a potion of brilliance {unknown}


   Skills:
 + Level 4.8 Fighting
 - Level 3.5(3.7) Axes
 + Level 1.4(2.7) Polearms
 + Level 4.8 Armour
 - Level 3.6 Shields


You had 3 spell levels left.
You didn't know any spells.
Your spell library was empty.

Dungeon Overview and Level Annotations

Branches:
Dungeon (3/15)

Altars:
Jiyva

Shops:
D:3 =

Annotations:
D:3 3 runed translucent doors, Huckebein's ghost, amateur GrMo; Huckebein's ghost, weakling DjGl; safid's ghost, amateur MfIE


Innate Abilities, Weirdness & Mutations

You have a pair of horns on your head.
You reflexively headbutt those who attack you in melee.


Message History

The orc wizard misses you.
You puncture the orc warrior!
The orc warrior is poisoned.
Your headbutt misses the orc warrior.
The orc warrior is moderately wounded.
The orc wizard hits you but does no damage.
The orc warrior hits you with a +0 dire flail!
The orc priest hits you from afar with a +0 trident.
You are too injured to fight recklessly!
You are too injured to fight recklessly!
You are too injured to fight recklessly!
Unknown command.
Okay, then.
You feel yourself speed up. The adder bites you but does no damage.
The orc wizard hits you but does no damage.
The orc warrior closely misses you.
The orc priest hits you but does no damage.
The adder bites you but does no damage. The orc warrior closely misses you.
The adder bites you but does no damage.
Unknown command.
You miss the adder. The adder bites you but does no damage.
The orc priest calls upon Beogh to heal the orc warrior.
The orc warrior is healed somewhat.
You closely miss the adder. The adder bites you but does no damage.
You hit the adder. You headbutt the adder.
The adder is severely wounded.
The adder barely misses you. You furiously retaliate!
You headbutt the adder!
You kill the adder!
You hit the orc warrior.
The orc warrior looks as sick as possible!
You headbutt the orc warrior.
The orc warrior is heavily wounded.
The orc warrior hits you with a +0 dire flail!
You puncture the orc warrior!
The orc warrior looks as sick as possible!
Your headbutt misses the orc warrior.
The orc warrior is almost dead.
The orc priest hits you from afar with a +0 trident!
* * * LOW HITPOINT WARNING * * *
The orc warrior hits you with a +0 dire flail!
You die...

#. #..#
.....+....#
#.###..##
....W+..#.#
####.#.....#
....W#.....
...!.^.....#
8....#..###
#......#
#[♣⌠♣####
#...)..# ####
#.#oo.## ##o##
#.##@######
#.........#
........####.#
#########
#.###########
#.......(....
#############


You could see an orc warrior (extremely poisoned), an orc priest and an orc
wizard.

Vanquished Creatures
  Jessica (D:2)
  2 adders
  3 dart slugs
  2 orcs (D:3)
  5 bats
  3 endoplasms (D:1)
  2 giant cockroaches (D:1)
  6 goblins
  8 hobgoblins
  4 jackals (D:1)
  6 kobolds
  6 quokkas
  5 ball pythons
  2 frilled lizards
  3 rats
58 creatures vanquished.

Vanquished Creatures (others)
  A rat (D:2)
  19 plants (D:3)
20 creatures vanquished.

Grand Total: 78 creatures vanquished

Notes
Turn   | Place    | Note
-------+----------+-------------------------------------------
     0 | D:1      | Jase the Minotaur Fighter began the quest for the Orb.
     0 | D:1      | Reached XP level 1. HP: 19/19 MP: 0/0
    94 | D:1      | Reached XP level 2. HP: 24/27 MP: 1/1
   247 | D:1      | Reached XP level 3. HP: 29/33 MP: 2/2
   900 | D:2      | Found the +8 trident of the Octopus King {venom, rElec
                  | rPois}
  1012 | D:2      | Found a faded altar of an unknown god.
  1132 | D:2      | Prayed at the altar of an unknown god.
  1132 | D:2      | Became a worshipper of Jiyva Jepnalip the Shapeless
  1132 | D:2      | Reached * piety under Jiyva
  1211 | D:2      | Noticed Jessica
  1217 | D:2      | Killed Jessica
  1218 | D:2      | Reached skill level 1 in Polearms
  1218 | D:2      | Reached XP level 4. HP: 41/41 MP: 3/3
  1476 | D:3      | Found Vifi's Jewellery Boutique.
  1554 | D:3      | Found a runed translucent gate.
  1555 | D:3      | Found a runed translucent gate.
  1556 | D:3      | Found a runed translucent gate.
  1558 | D:3      | Noticed Huckebein's ghost (weakling DjGl)
  1558 | D:3      | Noticed safid's ghost (amateur MfIE)
  1558 | D:3      | Noticed Huckebein's ghost (amateur GrMo)
  1598 | D:3      | Reached ** piety under Jiyva
  1613 | D:3      | Noticed an orc warrior
  1628 | D:3      | Mangled by an orc warrior

Illustrated notes

Levels and vault maps discovered:
D:1:      minmay_arrival_cross, layout_basic, serial_curves, eino_curves_02,
          eino_curves_04
D:2:      layout_basic, hellmonk_ecumenical_altar_prayer_group,
          kennysheep_nondescript, serial_park_tiny_2, uniq_jessica
D:3:      layout_loops_ring, gammafunk_ghost_cemetery, serial_shops, shop, shop,
          nicolae_shop_behind_doors, serial_bayou_lagoon_a, uniq_grinder

Skill      XL: |  1  2  3 |
---------------+----------+-----
Fighting       | 4 |  4.8
Axes           | 3 |  3.5
Armour         | 4 |  4.8
Polearms       | 1 |  1.4
Shields        | |  3.6

Action                     |  1- 3 |  4- 6 || total
---------------------------+-------+-------++-------
  Melee: War axe           |    74 |       ||    74
         Headbutt          |     4 |     5 ||     9
         Trident           |     6 |    28 ||    34
    Use: Potion            |       |     1 ||     1
 Armour: Scale mail        |    48 |    10 ||    58
  Dodge: Dodged            |    48 |     6 ||    54
